 Dungeon Crawl Stone Soup version 0.17.1-3-g152610e (webtiles) character file.

2872 Peloso the Blocker (level 9, 0/79 HPs)
             Began as a Minotaur Fighter on Mar 3, 2016.
             Was an Initiate of Okawaru.
             Slain by a warg (6 damage)
             ... on level 7 of the Dungeon.
             The game lasted 00:20:07 (7895 turns).

Peloso the Blocker (Minotaur Fighter)               Turns: 7895, Time: 00:20:08

Health: 0/79       AC: 15    Str: 22    XL:     9   Next: 47%
Magic:  8/8        EV:  8    Int:  5    God:    Okawaru [......]
Gold:   460        SH: 12    Dex: 12    Spells: 0 memorised, 8 levels left

rFire  . . .     SeeInvis .     a - +1 long sword
rCold  + . .     Clarity  .     T - +2 chain mail {rC+}
rNeg   . . .     SustAt   .     c - +0 shield
rPois  .         Gourm    +     (helmet restricted)
rElec  .         Spirit   .     P - +0 cloak (curse)
rCorr  .         Warding  .     (no gloves)
rMut   .         Stasis   .     y - +0 pair of boots
MR     .....                    x - amulet of the gourmand
Stlth  ..........               (no ring)
                                (no ring)

@: not resistant to hostile enchantments, extremely unstealthy
A: retaliatory headbutt, horns 2
a: Renounce Religion


You were on level 7 of the Dungeon.
You worshipped Okawaru.
Okawaru was noncommittal.
You were very full.

You visited 2 branches of the dungeon, and saw 9 of its levels.

You collected 460 gold pieces.

Inventory:

Hand Weapons
 a - a +1 long sword (weapon)
 f - a +1 flail of holy wrath
Missiles
 N - 2 exploding tomahawks (quivered)
Armour
 b - a +0 scale mail
 c - a +0 shield (worn)
 y - a +0 pair of boots (worn)
 O - a +2 cloak
 P - a cursed +0 cloak (worn)
 T - a +2 chain mail of cold resistance (worn)
Jewellery
 m - an uncursed amulet of stasis
 x - an amulet of the gourmand (around neck)
Wands
 A - a wand of confusion (24)
Scrolls
 j - 2 scrolls of fog
 k - a scroll of enchant weapon
 l - a scroll of holy word {unknown}
 n - a scroll of brand weapon {unknown}
 q - 2 scrolls of remove curse
 r - 4 scrolls of identify {unknown}
 u - a scroll of noise {unknown}
 v - 2 scrolls of random uselessness {unknown}
 z - a scroll of enchant armour {unknown}
 D - a scroll of immolation {unknown}
 H - a scroll of acquirement {unknown}
 I - 2 scrolls of recharging {unknown}
 K - a scroll of torment {unknown}
 Q - a scroll of teleportation {unknown}
Potions
 d - a potion of might
 g - a potion of mutation {unknown}
 h - 3 potions of curing {unknown}
 i - a potion of agility {unknown}
 p - 3 potions of degeneration {unknown}
 s - 5 potions of heal wounds {unknown}
 t - 2 potions of lignification {unknown}
 B - 2 potions of poison {unknown}
 E - a potion of haste {unknown}
 F - a potion of brilliance {unknown}
 J - a potion of flight {unknown}
 L - a potion of cure mutation {unknown}
 M - 2 potions of cancellation {unknown}
Books
 w - a book of Unlife

   Spells                             Type                      Level
   a - Recall                         Summoning/Translocation      3
   b - Animate Dead                   Necromancy                   4
   c - Control Undead                 Necromancy                   4
   d - Cigotuvi's Embrace             Necromancy                   5
   e - Death Channel                  Necromancy                   6
   f - Simulacrum                     Ice/Necromancy               6
 R - a book of Fire

   Spells                             Type                      Level
   a - Ignite Poison                  Fire/Transmutation/Poison    3
   b - Fireball                       Conjuration/Fire             5
   c - Bolt of Fire                   Conjuration/Fire             6
   d - Delayed Fireball               Conjuration/Fire             7
   e - Ring of Flames                 Charms/Fire                  7
Comestibles
 e - 5 bread rations
 o - 5 fruits
 C - a beef jerky
 G - a meat ration
 S - 5 chunks of flesh


   Skills:
 + Level 7.3 Fighting
 + Level 7.2 Long Blades
 + Level 8.7 Armour
 + Level 2.6 Dodging
 + Level 1.0 Stealth
 + Level 9.8 Shields


You had 8 spell levels left.
You didn't know any spells.

Dungeon Overview and Level Annotations

Branches:
Dungeon (8/15)             Temple (1/1) D:7            Lair (0/8) D:8

Altars:
Ashenzari
Cheibriados
Dithmenos
Elyvilon
Fedhas
Gozag
Kikubaaqudgha
Makhleb
Nemelex Xobeh
Okawaru
Qazlal
Ru
Sif Muna
Trog
Vehumet
Xom
Yredelemnul
Zin
The Shining One


Innate Abilities, Weirdness & Mutations

You reflexively headbutt those who attack you in melee.
You have a pair of horns on your head.


Message History

* * * LOW HITPOINT WARNING * * *
Drink which item? (? for menu, Esc to quit)
Okay, then.
The warg bites you but does no damage. The warg bites you but does no damage.
You block the warg's attack. You block the warg's attack.
You block the warg's attack.
There is a stone staircase leading up here.
The warg bites you.
* * * LOW HITPOINT WARNING * * *
You climb upwards.
There is a stone staircase leading down here.
The warg misses you. You furiously retaliate!
You headbutt the warg. The warg bites you.
* * * LOW HITPOINT WARNING * * *
The warg closely misses you. You furiously retaliate!
You headbutt the warg. You block the warg's attack. The warg bites you.
You die...

#### ..<# ##### ##.# #...# #.#
##########...############## #.#
#>............[[[.......... #.#
#.########h..##############
##.####.# #@..# ......#.#
###...####### .#.##.#.#
#.....##....#
.#....#.######.....##....#
.#.##.#.#........####....#
.######.#........# #....#
........#........# #....# #####
#######.#.(......####....####....
#....................รท.....


You could see a warg.

Vanquished Creatures
  An orc warrior (D:7)
  An ice beast (D:6)
  A black bear (D:7)
  A phantom (D:6)
  5 sky beasts
  A giant frog (D:6)
  A scorpion (D:4)
  3 killer bees (D:8)
  2 hounds (D:5)
  A centaur zombie (D:7)
  4 crimson imps
  7 orc priests
  2 jellies
  A giant frog skeleton (D:6)
  3 orc wizards
  A centaur skeleton (D:6)
  4 iguanas
  6 worker ants
  A hound skeleton (D:4)
  11 gnolls
  8 adders
  A shadow imp (D:5)
  An ooze (D:3)
  An adder skeleton (D:6)
  An adder zombie (D:5)
  A worm (D:2)
  3 giant geckos
  22 orcs
  4 giant cockroaches
  4 goblins
  10 hobgoblins
  4 quokkas
  11 bats
  A giant cockroach zombie (D:6)
  6 giant newts
  2 gnoll zombies (D:4)
  2 jackals (D:7)
  A jackal skeleton (D:6)
  4 kobolds
  4 rats
148 creatures vanquished.

Vanquished Creatures (others)
  Erolcha (D:8)
  An orc wizard (D:8)
2 creatures vanquished.

Grand Total: 150 creatures vanquished

Notes
Turn   | Place    | Note
--------------------------------------------------------------
     0 | D:1      | Peloso the Minotaur Fighter began the quest for the Orb.
     0 | D:1      | Reached XP level 1. HP: 19/19 MP: 0/0
   376 | D:1      | Reached XP level 2. HP: 27/27 MP: 1/1
   436 | D:1      | Reached skill level 4 in Shields
   939 | D:2      | Reached XP level 3. HP: 31/33 MP: 2/2
   978 | D:2      | Found a burning altar of Makhleb.
  1496 | D:3      | Found a deep blue altar of Sif Muna.
  1579 | D:3      | Found a blossoming altar of Fedhas.
  1877 | D:3      | Reached XP level 4. HP: 37/41 MP: 3/3
  2108 | D:4      | Reached skill level 1 in Dodging
  2264 | D:4      | Reached XP level 5. HP: 18/47 MP: 4/4
  2565 | D:4      | Reached skill level 5 in Shields
  2974 | D:4      | Reached skill level 5 in Armour
  2974 | D:4      | Reached XP level 6. HP: 39/55 MP: 5/5
  3018 | D:4      | Found a basalt altar of Yredelemnul.
  3174 | D:4      | Reached skill level 5 in Fighting
  3517 | D:5      | Entered Level 5 of the Dungeon
  4201 | D:5      | Reached skill level 6 in Shields
  4208 | D:5      | Reached XP level 7. HP: 37/61 MP: 6/6
  4630 | D:5      | Found a shadowy altar of Dithmenos.
  4974 | D:5      | Found a stormy altar of Qazlal.
  5116 | D:5      | Reached skill level 7 in Shields
  5349 | D:6      | Reached skill level 5 in Long Blades
  5349 | D:6      | Reached XP level 8. HP: 48/70 MP: 7/7
  5617 | D:6      | Reached skill level 8 in Shields
  6021 | D:6      | Reached skill level 1 in Stealth
  6324 | D:7      | Found a glowing golden altar of the Shining One.
  7093 | D:7      | Found a staircase to the Ecumenical Temple.
  7103 | Temple   | Entered the Ecumenical Temple
  7163 | Temple   | Became a worshipper of Warmaster Okawaru
  7292 | D:8      | Reached skill level 9 in Shields
  7304 | D:8      | Reached XP level 9. HP: 14/78 MP: 8/8
  7779 | D:8      | Noticed Erolcha
  7793 | D:8      | Killed Erolcha
  7830 | D:8      | Found a staircase to the Lair.
  7895 | D:7      | Slain by a warg

Action                   |  1- 3 |  4- 6 |  7- 9 || total
-------------------------+-------+-------+-------++-------
Melee: Long sword        |   124 |   169 |   295 ||   588
  Use: Scroll            |       |       |     4 ||     4
       Potion            |       |       |     1 ||     1
  Eat: Chunk             |     4 |    19 |    12 ||    35
